Map: Frozen Temple

Players

Amix - Winner!

  • Race: Zerg Zerg
  • League: Platinum
  • Spawn Location: 11:00

Geko

  • Race: Terran Terran
  • League: Diamond
  • Spawn Location: 5:00

VOD

Have the link to the VOD?

Description

Time

  • Played on: Nov. 16, 2016, 5:51 p.m.
  • Length: 7:38
Show
View Real Time Build Order
Export as new Build Order

Amix Zerg - Winner!

Build Orders: Hatch First 

Get SALT Encoding   

  12  0:01  Drone  
  13  0:10  Drone  
  14  0:17  Overlord  
  14  0:26  Extractor  
  14  0:27  Drone  
  15  0:35  Drone  
  15  0:37  Drone  
  17  0:54  Hatchery  
  16  0:57  Drone  
  17  1:12  Spawning Pool  
  17  1:14  Drone  
  17  1:18  Extractor  
  16  1:20  Drone  
  17  1:27  Drone x2  
  19  1:38  Overlord  
  19  1:48  Drone  
  20  1:59  Queen  
  22  2:03  Drone  
  22  2:06  Queen  
  22  2:08  Drone  
  26  2:10  Drone  
  27  2:17  Zergling x2  
  27  2:21  Zergling x2  
  29  2:24  Metabolic Boost  
  29  2:28  Drone  
  30  2:31  Drone  
  31  2:37  Queen  
  31  2:39  Drone  
  31  2:42  Drone  
  35  2:49  Drone  
  36  3:00  Evolution Chamber, Zergling x2  
  36  3:03  Pneumatized Carapace  
  36  3:06  Overlord x2  
  36  3:14  Extractor  
  36  3:15  Zergling x2  
  37  3:24  Zergling x6  
  37  3:25  Overlord x2  
  40  3:27  Zergling x2  
  40  3:31  Zergling x2  
  42  3:36  Zergling x4  
  34  4:32  Zergling x14  
  34  4:33  Zergling x8  
  40  4:40  Spine Crawler  
  40  4:43  Spine Crawler x2  
  32  5:29  Zergling x12  
  37  5:57  Zergling x8  
  33  6:06  Zergling x4  
  33  6:08  Queen x2  
  39  6:21  Zergling x4  
  37  6:47  Hatchery  
  36  6:57  Zergling x12  
Show
View Real Time Build Order
Export as new Build Order

Geko Terran 

Build Orders:  

Get SALT Encoding   

  12  0:01  SCV  
  13  0:13  SCV  
  14  0:22  Supply Depot  
  14  0:25  SCV  
  15  0:38  Refinery  
  15  0:43  SCV  
  16  0:50  Barracks  
  16  0:55  SCV  
  17  1:07  SCV  
  18  1:14  Barracks  
  18  1:19  SCV  
  19  1:26  Supply Depot  
  19  1:34  Refinery  
  19  1:37  SCV  
  20  1:42  Reaper  
  21  1:58  SCV  
  22  2:03  Barracks  
  22  2:05  Reaper  
  23  2:18  SCV  
  23  2:19  Supply Depot  
  23  2:22  Reaper  
  26  2:37  SCV, Reaper  
  27  2:49  SCV  
  27  2:51  Reaper  
  29  2:54  Reaper  
  30  3:09  Reaper  
  31  3:23  Reaper  
  31  3:26  Reaper  
  33  3:41  Reaper  
  32  3:55  Reaper  
  33  3:58  Reaper  
  30  4:13  Reaper  
  29  4:27  Reaper  
  29  4:30  Reaper  
  31  4:45  Reaper  
  31  4:59  Reaper  
  31  5:03  Reaper  
  29  5:17  Reaper  
  17  5:31  Reaper  
  17  5:35  Reaper  
  10  5:49  Reaper  
  9  6:03  Reaper  
  6  6:07  Reaper  
  7  6:21  Reaper  
  8  6:39  Marine  
Tags
 
Add a new tag
Caveats
  • Supply blocks, unpowered buildings, or Contaminate may cause inaccurate times.
  • Supply counts are checked every 10 seconds.